 Dungeon Crawl Stone Soup version 0.17.1-2-g5865329 (webtiles) character file.

30 ololoev the Skirmisher (level 3, 0/29 HPs)
             Began as a Demonspawn Fighter on Jan 25, 2016.
             Succumbed to Robin's poison
             ... on level 2 of the Dungeon.
             The game lasted 00:02:20 (334 turns).

ololoev the Skirmisher (Demonspawn Fighter)          Turns: 334, Time: 00:02:20

Health: 0/29       AC:  6    Str: 17    XL:     3   Next: 3%
Magic:  3/3        EV:  6    Int:  9    God:
Gold:   1          SH:  8    Dex: 12    Spells: 0 memorised, 2 levels left

rFire  . . .     SeeInvis .     a - +0 war axe
rCold  . . .     Clarity  .     b - +0 scale mail
rNeg   . . .     SustAt   .     c - +0 shield
rPois  .         Gourm    .     (no helmet)
rElec  .         Spirit   .     (no cloak)
rCorr  .         Warding  .     (no gloves)
rMut   .         Stasis   .     (no boots)
MR     .....                    (no amulet)
Stlth  ..........               (no ring)
                                (no ring)

@: lethally poisoned (0 -> -47), not resistant to hostile enchantments,
extremely unstealthy
A: spiny 1
a: no special abilities


Innate Abilities, Weirdness & Mutations

You are partially covered in sharp spines.

Inventory:

Hand Weapons
 a - a +0 war axe (weapon)
Armour
 b - a +0 scale mail (worn)
 c - a +0 shield (worn)
Jewellery
 i - an uncursed ring of teleportation
Scrolls
 f - a scroll of blinking {unknown}
 g - a scroll of enchant armour {unknown}
 h - a scroll of magic mapping {unknown}
 j - a scroll of enchant weapon {unknown}
Potions
 d - a potion of might
Comestibles
 e - a bread ration


   Skills:
 - Level 3.0 Fighting
 * Level 2.9 Axes
 + Level 3.0 Armour
 - Level 2.6 Shields


You had 2 spell levels left.
You didn't know any spells.


You were on level 2 of the Dungeon.
You were not hungry.

You visited 1 branch of the dungeon, and saw 2 of its levels.

You collected 1 gold pieces.

#.<......... ...
###.######## ..#
#.# #.# #.# #.#
#># #.#####.#
#.#.....#
##.##)#.....####
#...g@)†..<....#
#..####.....##...
# #.....# ##
###.### #.# #.#
#.# .#

Notes
Turn   | Place    | Note
--------------------------------------------------------------
     0 | D:1      | ololoev the Demonspawn Fighter began the quest for the Orb.
     0 | D:1      | Reached XP level 1. HP: 18/18 MP: 1/1
   229 | D:1      | Gained mutation: You are partially covered in sharp spines. [demonic ancestry]
   229 | D:1      | Reached XP level 2. HP: 24/24 MP: 2/2
   327 | D:2      | Noticed Robin
   329 | D:2      | Reached XP level 3. HP: 22/29 MP: 3/3
   334 | D:2      | Succumbed to Robin's poison

Dungeon Overview and Level Annotations

Branches:
Dungeon (2/15)

Altars:

Annotations:
D:2 Robin


Message History

The goblins go into a battle-frenzy!
You hit the goblin.
The goblin is heavily wounded.
You hit the goblin.
The goblin is severely wounded.
You hit the goblin.
You kill the goblin!
You block the goblin's attack. The goblin is struck by your spines.
You kill the goblin!
You block the goblin's attack.
Unknown command.
You hit the goblin.
You kill the goblin!
You barely miss the goblin. The goblin is struck by your spines.
You kill the goblin!
You have reached level 3!
Your experience leads to an increase in your attributes!
Increase (S)trength, (I)ntelligence, or (D)exterity?
You feel stronger.
You barely miss the goblin. The goblin barely misses you.
Robin hits you from afar with a spear of venom.
You are poisoned.
You block the goblin's attack.
You slash the goblin!
You kill the goblin!
You feel sick. You block Robin's attack.
You feel sick. Robin is struck by your spines.
Robin hits you with a spear of venom.
You are more poisoned.
Things that are here:
a club x2
You hit Robin but do no damage.
Robin is heavily wounded.
You feel sick. Robin hits you with a spear of venom.
You are more poisoned.
Robin is struck by your spines. Robin hits you with a spear of venom.
You are more poisoned.
You hit Robin.
Robin is severely wounded.
You die...

You could see Robin.

Vanquished Creatures
  An adder (D:2)
  A ball python (D:1)
  10 goblins
  4 hobgoblins
  2 bats (D:1)
  A giant cockroach (D:1)
  A kobold (D:1)
  A rat (D:1)
21 creatures vanquished.

Vanquished Creatures (others)
  A rat (D:1)
1 creature vanquished.

Grand Total: 22 creatures vanquished

Action                   || total
-------------------------++-------
Melee: War axe           ||    41
  Use: Scroll            ||     2

Vault maps used:
D:1:      shiori_arrival_oz, tso_altar
D:2:      fedhas_altar_fruit_tree, uniq_natasha, uniq_robin
